AoeStats
← joosephy

Pilgrims

508914463Analyzed
2v2 RM · 7d ago on Sep 24, 2026· 27m 40s· 4 players
Game mode
Random Map
Map size
Medium (4 player)
Population
200
Speed
Normal
Resources
Standard
Victory
Conquest
Starting age
Dark Age
Ending age
Imperial Age
RankedLock teamsTeams togetherTeam positionsShared explorationLock speedFull tech treeHidden civsTurbo modeCheats
Victory
Defeat
🇹🇼 Khmer · Taiwan
1657
+10
🇨🇴 Mongols · Colombia
1626
+11
🇩🇪 Georgians · Germany
1551
-11
🇩🇪 Danes · Germany
1500
-10
Skid
7:34 Loom
9:26 Feudal Age
7:42 Loom
10:47 Town Watch
15:05 Castle Age
14:01 Double-Bit Axe
19:23 Wheelbarrow
gardensalad
7:05 Loom
10:28 Feudal Age
11:27 Double-Bit Axe
11:31 Fishing Lines
12:02 Town Watch
14:42 Castle Age
12:47 Fishing Lines
13:21 Gold Mining
14:04 Scale Mail Armor
14:15 Forging
15:40 Bow Saw
15:23 Gillnets
17:25 Squires
18:12 Chain Mail Armor
20:38 Iron Casting
22:46 Arson
25:12 Fletching
joosephy
5:02 Loom
11:44 Feudal Age
14:39 Castle Age
12:33 Fishing Lines
16:59 Double-Bit Axe
18:08 Wheelbarrow
EL TIGRE ABELARDO
10:08 Loom
12:22 Feudal Age
13:32 Double-Bit Axe
14:25 Horse Collar
16:46 Castle Age
15:14 Fletching
15:31 Stone Mining
15:32 Gold Mining
17:27 Wheelbarrow
17:55 Bow Saw
17:46 Heavy Plow
18:28 Bodkin Arrow
19:43 Gold Shaft Mining
22:24 Stone Shaft Mining
22:36 Padded Archer Armor
23:37 Leather Archer Armor
24:23 Ballistics
24:48 Town Watch
25:18 Hand Cart
25:43 Scale Barding Armor
27:20 Chain Barding Armor
Connection lost

Rejoining the realm…

Still unreachable

The connection could not be restored.

Session expired

The server has moved on; the page needs a fresh start.